 Dungeon Crawl Stone Soup version 0.21-a0-525-ga34b322 (webtiles) character file.

60 KristoblXynda the Slasher (level 3, -1/29 HPs)
             Began as a Draconian Gladiator on Dec 7, 2017.
             Slain by a gnoll
             ... wielding a +0 spear
              (6 damage)
             ... on level 2 of the Dungeon.
             The game lasted 00:02:56 (803 turns).

KristoblXynda the Slasher (Draconian Gladiator)      Turns: 803, Time: 00:02:57

Health: -1/29      AC:  5    Str: 17    XL:     3   Next: 80%
Magic:  3/3        EV: 13    Int:  8    God:
Gold:   53         SH:  0    Dex: 12    Spells: 2/2 levels left

rFire    . . .     SeeInvis .   m - +0 dagger (pain)
rCold    . . .     Gourm    .   (no shield)
rNeg     . . .     Faith    .   (armour unavailable)
rPois    .         Spirit   .   b - +0 hat
rElec    .         Reflect  .   (no cloak)
rCorr    .         Harm     .   (no gloves)
MR       .....                  (no boots)
Stlth    +.........             (no amulet)
HPRegen  0.09/turn              (no ring)
MPRegen  0.08/turn              (no ring)

@: no status effects
A: unfitting armour, cold-blooded, AC +5
a: no special abilities


You were on level 2 of the Dungeon.
You were not hungry.

You visited 1 branch of the dungeon, and saw 2 of its levels.

You collected 53 gold pieces.

Inventory:

Hand Weapons
 a - a +0 long sword
 m - a +0 dagger of pain (weapon)
Missiles
 c - 3 throwing nets (quivered)
Armour
 b - a +0 hat (worn)
Scrolls
 j - a scroll of identify {unknown}
 k - a scroll of immolation {unknown}
Potions
 e - 2 potions of brilliance {unknown}
 h - a potion of invisibility {unknown}
 i - a potion of curing {unknown}
 l - 2 potions of lignification {unknown}
Comestibles
 d - 2 bread rations
 f - a meat ration
 g - 2 royal jellies


   Skills:
 - Level 2.1 Fighting
 + Level 3.6 Long Blades
 + Level 2.6 Throwing
 + Level 3.3 Dodging


You had 2 spell levels left.
You didn't know any spells.

Dungeon Overview and Level Annotations

Branches:
Dungeon (2/15)

Altars:


Innate Abilities, Weirdness & Mutations

Your plain brown scales are hard. (AC +5)
You cannot fit into any form of body armour.
You are cold-blooded and may be slowed by cold attacks.


Message History

The gnoll hits you with a spear.
You hit the gnoll. You tail-slap the gnoll.
You kill the gnoll!
The gnoll hits you with a spear.
* * * LOW HITPOINT WARNING * * *
The goblin unwields an uncursed hunting sling.
The goblin wields an uncursed dagger.
The goblin hits you but does no damage.
Items here: ( ) †† a spear; a stone; a gnoll corpse x2
You closely miss the goblin. The gnoll closely misses you.
The goblin hits you but does no damage. The gnoll hits you but does no damage.
The goblin unwields an uncursed dagger.
The goblin wields an uncursed hunting sling.
The goblin shoots a stone.
The stone barely misses you.
The goblin shoots a stone.
The stone hits you.
* * * LOW HITPOINT WARNING * * *
You see here a stone.
There is a stone staircase leading up here.
The gnoll hits you from afar with a spear.
You die...

###.###.#.. ......
...### ### ##....#
#.... ... .....#
#...# #.##....#
#...#
#.......###...#
#.(.....+!....#
#.#@.g.# #..(#
#.##.#.(..###.#.#
#......#(.g)..# .#
####.#.(..#......#
#.###..#.####...#
#......#(. ..#
##.....#[.# .#
#.....#... ..
#####.##### #


You could see a gnoll and a goblin.

Vanquished Creatures
  2 gnolls (D:2)
  An adder (D:2)
  A dart slug (D:1)
  2 leopard geckos
  4 bats (D:1)
  3 giant cockroaches (D:1)
  4 goblins
  3 hobgoblins
  A ball python (D:1)
  A frilled lizard (D:1)
  3 kobolds (D:1)
  3 rats (D:1)
28 creatures vanquished.

Notes
Turn   | Place    | Note
-------+----------+-------------------------------------------
     0 | D:1      | KristoblXynda the Draconian Gladiator began the quest for the Orb.
     0 | D:1      | Reached XP level 1. HP: 17/17 MP: 1/1
   128 | D:1      | Reached XP level 2. HP: 24/24 MP: 2/2
   741 | D:2      | Reached XP level 3. HP: 29/29 MP: 3/3
   803 | D:2      | Slain by a gnoll

Vault maps used:
D:1:      roderic_octagonal_star
D:2:      overflow_temple_1_default

Skill      XL: |  1  2 |
---------------+-------+-----
Throwing       | 2 |  2.6
Dodging        | 3 |  3.3
Fighting       | |  2.1
Long Blades    | |  3.6

Action                   || total
-------------------------++-------
Melee: Long sword        ||    33
       Tailslap          ||     7
       Dagger            ||    43
 Stab: Sleeping          ||     1
Armor: Skin              ||    15
Dodge: Dodged            ||    67
       Rpst.: Long sword ||    11

Table legend:
 A = Spawn XP
 B = Non-spawn XP
 C = Spawn XP percentage of total XP
 D = Spawn monster count
 E = Non-spawn monster count
 F = Spawn count percentage of total count
 G = Total turns spent on level
                    A         B        C        D         E        F      G
               +---------+---------+-------+---------+---------+-------+---------
         Total |       0 |      86 |   0.0 |       0 |      28 |   0.0 |   803
               +---------+---------+-------+---------+---------+-------+---------
           D:1 |       0 |      39 |   0.0 |       0 |      22 |   0.0 |   721
           D:2 |       0 |      47 |   0.0 |       0 |       6 |   0.0 |    82
               +---------+---------+-------+---------+---------+-------+---------
